cohdb
Replays
Latest Replays
All Replays
Popular Replays
Top Player Replays
Match Explorer
How It Works
Community
CoH3 Stats
Reddit
Sign in to upload your games and track your stats! →
Sign in with Steam
Match 43861270
Unlisted
Match 43861270
Overview
Messages
Build Orders
End
Kradschützen Motorcycle Team
Selects Italian Combined Arms Battlegroup
Selects Bersaglieri Squad
Bersaglieri Squad
Bersaglieri Squad
Bersaglieri Squad
Construct Light Support Kompanie
2.5-tonne Medical Truck
Selects Bersaglieri Bolster
Fire Support Elements
Veteran Squad Leaders
Selects Breda Model 30 Light Machine Guns
Flakvierling Half-track
Panzerjäger Mechanized Group
Vehicle Survival Package
Construct Panzerarmee Kommand
Panzer III L Medium Tank
Selects Semovente da 75/18 Assault Gun
Selects Carro Armato M13/40 Light Tank
Semovente da 75/18 Assault Gun
Selects Pact of Steel
Emergency Repair Kits
Grongolock
Frosty
0
0
Comments
sign in to comment!
No comments posted yet!